 Dungeon Sprint DCSS version 0.17-a0-2099-g910b1c6 (webtiles) character file.

0 Adamkad1 the Covered (level 2, -1/28 HPs)
             Began as a Deep Dwarf Fighter on Oct 18, 2015.
             Was a Priest of the Shining One.
             Killed from afar by Sigmund (10 damage)
             ... with a puff of flame
             ... in the Dungeon (Sprint VI: "Thunderdome").
             The game lasted 00:01:02 (103 turns).

Adamkad1 the Covered (Deep Dwarf Fighter)            Turns: 103, Time: 00:01:02

Health: -1/28      AC:  7    Str: 19    XL:     2   Next: 27%
Magic:  2/2        EV:  7    Int:  8    God:    the Shining One [***...]
Gold:   180        SH:  9    Dex: 12    Spells: 0 memorised, 1 level left

rFire  . . .     SeeInvis .     a - +0 war axe
rCold  . . .     Clarity  .     b - +0 scale mail
rNeg   + . .     SustAt   .     c - +0 shield
rPois  .         Gourm    .     (no helmet)
rElec  .         Spirit   .     (no cloak)
rCorr  .         Warding  .     (no gloves)
rMut   .         NoTele   +     (no boots)
MR     .....                    (no amulet)
Stlth  ..........               (no ring)
                                (no ring)

@: non-regenerating, glowing, not resistant to hostile enchantments, extremely
unstealthy
A: damage resistance, recharge devices, sense surroundings 1, slow regeneration
3
a: Device Recharging, Divine Shield, Renounce Religion


You were in the Dungeon.
You worshipped the Shining One.
The Shining One was most pleased with you.
You were not hungry.

You visited 1 branch You collected 200 gold pieces.
You donated 20 gold pieces to Zin.

Inventory:

Hand Weapons
 a - a +0 war axe (weapon)
Armour
 b - a +0 scale mail (worn)
 c - a +0 shield (worn)
Wands
 e - a wand of heal wounds (4)
 n - a wand of cold (5)
 o - a wand of fire (5)
Scrolls
 l - 4 scrolls of blinking
 p - 3 scrolls of fog
Potions
 d - a potion of might
 g - a potion of curing
 h - 4 potions of heal wounds
 i - 4 potions of haste
 j - 2 potions of magic
 k - a potion of berserk rage
 m - a potion of resistance
Comestibles
 f - a bread ration


   Skills:
 * Level 3.5 Fighting
 * Level 2.5 Axes
 * Level 4.3 Armour
 + Level 0.7 Dodging
 * Level 4.2 Shields


You had one spell level left.
You didn't know any spells.

Dungeon Overview and Level Annotations

Branches:
Dungeon (1/1)

Altars:
Cheibriados
Dithmenos
Fedhas
Gozag
Kikubaaqudgha
Makhleb
Okawaru
Qazlal
Ru
Sif Muna
Trog
Vehumet
Xom
Yredelemnul
Zin
The Shining One
Jiyva
Lugonu

Shops:
D *[%??*?*:[((!!!!

Annotations:
D Sigmund


Innate Abilities, Weirdness & Mutations

You are resistant to damage.
You can recharge devices by infusing magical energy.
You passively map a small area around you.
You do not regenerate naturally.


Message History

Sigmund is moderately wounded.
You block Sigmund's attack.
Unknown command.
You slash Sigmund!
Sigmund is severely wounded.
Sigmund barely misses you.
Unknown command.
You hit Sigmund.
Sigmund is severely wounded.
Sigmund barely misses you.
Unknown command.
You slash Sigmund!
Sigmund is almost dead.
Sigmund hits you with a scythe.
Unknown command.
You hit Sigmund but do no damage.
Sigmund is almost dead.
Sigmund points at you and mumbles some strange words.
The puff of flame hits you!
You die...

*
............###...........
*
.........###...###........
⌠ .........# #.<.#
#........
,.........###...###........
............###...........
#∩........8.# #.8........∩
##∩___......###.......__∩#
######.8.........8.######
#⌠@@.........⌠#
###.........### #_........#
#_......._# #........_#
#∩.......∩# ##∩.....∩##
##.....## ⌠


You could see Sigmund.

Vanquished Creatures
  An adder (D)
  An orc (D)
  A ball python (D)
  A kobold (D)
4 creatures vanquished.

Notes
Turn   | Place    | Note
--------------------------------------------------------------
     0 | D        | Adamkad1 the Deep Dwarf Fighter began the quest for the Orb.
     0 | D        | Reached XP level 1. HP: 20/20 MP: 1/1
     5 | D        | Found a sacrificial altar of Ru.
     5 | D        | Round 1.
     6 | D        | Found a radiant altar of Vehumet.
     7 | D        | Found a glowing silver altar of Zin.
     7 | D        | Found an iron altar of Okawaru.
     8 | D        | Found Ircheupe's Distillery.
     8 | D        | Found a deep blue altar of Sif Muna.
     8 | D        | Found Baurph's Do-It-Yourself Clinic.
     9 | D        | Found Laemior's Distillery.
     9 | D        | Found Zeetzarch's Bottled Wisdom.
    10 | D        | Found a burning altar of Makhleb.
    17 | D        | Became a worshipper of Zin the Law-Giver
    17 | D        | Reached * piety under Zin
    17 | D        | Reached ** piety under Zin
    17 | D        | Reached *** piety under Zin
    17 | D        | Reached **** piety under Zin
    17 | D        | Reached ***** piety under Zin
    17 | D        | Reached ****** piety under Zin
    23 | D        | Found an opulent altar of Gozag.
    24 | D        | Found a shadowy altar of Dithmenos.
    25 | D        | Found Riasch's Weapon Rack.
    26 | D        | Found a stormy altar of Qazlal.
    26 | D        | Found a shimmering altar of Xom.
    26 | D        | Found Ugoppeeb's Premium Goods.
    26 | D        | Found Qeruna's Basic Armour.
    26 | D        | Found Tenoisot's Miscellaneous Merchandise.
    30 | D        | Found a corrupted altar of Lugonu.
    31 | D        | Found an ancient bone altar of Kikubaaqudgha.
    32 | D        | Found a snail-covered altar of Cheibriados.
    33 | D        | Found Xucimn's Identification Station.
    33 | D        | Found a viscous altar of Jiyva.
    33 | D        | Found a bloodstained altar of Trog.
    33 | D        | Found Deoxkosk's Bee Food.
    34 | D        | Found Ocen's Advanced Armour.
    34 | D        | Found Bidud's Jewellery.
    37 | D        | Found a blossoming altar of Fedhas.
    38 | D        | Found a glowing golden altar of the Shining One.
    39 | D        | Found a basalt altar of Yredelemnul.
    41 | D        | Found Gush's Magic Scroll Shop.
    42 | D        | Found Lurang's Magic Scroll Shop.
    42 | D        | Found Hufuseimm's Must-Have Magic.
    47 | D        | Fell from the grace of Zin
    47 | D        | Became a worshipper of the Shining One
    47 | D        | Reached * piety under the Shining One
    47 | D        | Reached ** piety under the Shining One
    47 | D        | Reached *** piety under the Shining One
    53 | D        | Found Jedut's Staff Store.
    90 | D        | Noticed Sigmund
    97 | D        | Reached skill level 4 in Armour
    97 | D        | Reached XP level 2. HP: 14/28 MP: 2/2
   103 | D        | Killed from afar by Sigmund

Vault maps used:
D:        arena_sprint

Action                   || total
-------------------------++-------
Melee: War axe           ||    11
Evoke: Wand              ||     1
